 Dungeon Crawl Stone Soup version 0.31-a0-875-g02e7d12df6 (webtiles) character file.

Game seed: 1233972458777301105

21287 hikkokomori the Nimble (level 12, -2/95 HPs)
             Began as a Merfolk Hunter on Oct 12, 2023.
             Was the Champion of Cheibriados.
             Slain by an orc warrior
             ... wielding a +3 glaive
              (7 damage)
             ... on level 2 of the Orcish Mines.
             The game lasted 00:54:27 (14439 turns).

hikkokomori the Nimble (Merfolk Hunter)            Turns: 14439, Time: 00:54:27

Health: -2/95      AC: 16    Str: 34    XL:     12   Next: 88%
Magic:  17/19      EV: 20    Int: 29    God:    Cheibriados [******]
Gold:   775        SH:  0    Dex: 36    Spells: 2/21 levels left

rFire   + . .        O - +3 longbow (flame)
rCold   . . .        (shield currently unavailable)
rNeg    . . .        t - +1 chain mail {rF+}
rPois   .            F - +2 hat
rElec   .            p - +0 cloak
rCorr   .            N - +2 pair of gloves
SInv    .            (no boots)
Will    .....        (no amulet)
Stlth   ++           m - +6 ring of strength
HPRegen 0.35/turn    A - +6 ring of intelligence
MPRegen 0.16/turn

%: no passive effects
@: wereblooded, very slow
A: (nimble swimmer 2), mertail
a: Renounce Religion, Bend Time, Temporal Distortion, Slouch, Step From Time


You were on level 2 of the Orcish Mines.
You worshipped Cheibriados.
Cheibriados was exalted by your worship.
You visited 3 branches of the dungeon, and saw 14 of its levels.
You also visited: Ossuary.

You collected 1055 gold pieces.
You spent 280 gold pieces at shops.

Inventory:

Hand Weapons
 a - a +3 heavy shortbow
 f - a +3 dagger of freezing
 h - a -1 demon whip of venom
 B - a +2 sling of freezing
 O - a +3 longbow of flaming (weapon)
Missiles
 i - 34 poisoned darts
 u - a throwing net
 y - 5 curare-tipped darts
Armour
 p - a +0 cloak (worn)
 t - a +1 chain mail of fire resistance (worn)
 D - a +0 kite shield
 F - a +2 hat (worn)
 G - +0 steam dragon scales
 N - a +2 pair of gloves (worn)
Jewellery
 m - a +6 ring of strength (left hand)
 s - a ring of positive energy
 v - a ring of positive energy
 A - a +6 ring of intelligence (right hand)
 E - a ring of positive energy
 H - a ring of magical power
Wands
 c - a wand of digging (7)
 w - a wand of roots (12)
 z - a wand of paralysis (8)
 L - a wand of flame (32)
Scrolls
 b - a scroll of butterflies
 k - 6 scrolls of fear
 l - a scroll of torment
 n - 2 scrolls of enchant weapon
 I - a scroll of vulnerability
 M - a scroll of amnesia
Potions
 d - 4 potions of enlightenment
 e - 3 potions of heal wounds
 g - 2 potions of mutation
 j - 2 potions of lignification
 o - a potion of might {unknown}
 q - 5 potions of curing
 r - 3 potions of attraction
 x - a potion of magic {unknown}
 C - 3 potions of ambrosia
 J - 3 potions of cancellation
 K - a potion of resistance {unknown}


   Skills:
 - Level 9.1 Fighting
 + Level 8.6 Ranged Weapons
 - Level 2.8 Armour
 + Level 9.3 Dodging
 - Level 6.6 Stealth
 - Level 5.0 Spellcasting
 + Level 3.1 Conjurations
 - Level 2.5 Hexes
 + Level 1.7 Summonings
 - Level 5.1 Transmutations
 + Level 5.1 Ice Magic
 + Level 3.0 Air Magic
 + Level 7.4 Invocations
 - Level 6.3 Evocations


You had 2 spell levels left.
You knew the following spells:

 Your Spells              Type           Power      Damage    Failure   Level
a - Wereblood             Tmut           36%        N/A       4%          2
b - Ensorcelled Hibernat  Hex/Ice        58%        N/A       7%          2
c - Summon Cactus Giant   Summ           8%         N/A       100%        6
d - Freezing Cloud        Conj/Ice/Air   14%        6-21      78%         5
e - Summon Lightning Spi  Summ/Air       21%        N/A       63%         4

Your spell library contained the following spells:

 Spells                   Type           Power      Damage    Failure   Level
 Shock                    Conj/Air       100%       1d9       6%          1
 Slow                     Hex            88%        N/A       8%          1
 Static Discharge         Conj/Air       50%        2-5/arc   10%         2
 Jinxbite                 Hex            44%        N/A       12%         2
 Cigotuvi's Dreadful Rot  Necr/Pois/Air  26%        N/A       22%         2
 Scorch                   Fire           14%        2d5       32%         2
 Sublimation of Blood     Necr           7%         N/A       32%         2
 Swiftness                Air            24%        N/A       19%         3
 Confusing Touch          Hex            22%        N/A       24%         3
 Sigil of Binding         Hex            22%        N/A       24%         3
 Ignite Poison            Fire/Tmut/Pois 17%        N/A       32%         3
 Vampiric Draining        Necr           7%         2d6       54%         3
 Airstrike                Air            12%        2d(2-18)  54%         4
 Flame Wave               Conj/Fire      16%        2d7       75%         4
 Anguish                  Hex/Necr       7%         N/A       78%         4
 Malign Gateway           Summ/Tloc      6%         N/A       100%        7
 Summon Hydra             Summ           8%         N/A       100%        7
 Summon Horrible Things   Summ           8%         N/A       100%        8


Dungeon Overview and Level Annotations

Branches:
Dungeon (11/15)            Temple (1/1) D:5             Orc (2/2) D:9
Ossuary (visited)
   Lair: D:8-11         Elf: Orc:2

Altars:
Ashenzari
Cheibriados
Dithmenos
Elyvilon
Fedhas
Gozag
Hepliaklqana
Kikubaaqudgha
Makhleb
Nemelex Xobeh
Okawaru
Qazlal
Ru
Sif Muna
Trog
Uskayaw
Vehumet
Wu Jian
Xom
Yredelemnul
Zin
The Shining One

Shops:
D:7 *   Orc:1 (


Innate Abilities, Weirdness & Mutations

((You are very nimble when in or above water. (Stealth+, EV+, Speed+++)))
Your lower body shifts to a powerful aquatic tail in water.


Message History

The arrow burns the orc knight.
The orc knight is severely wounded.
Your primal bloodlust has ended.
The orc warrior hits you with a +0 scimitar!
The orc knight barely misses you. The orc warrior misses you.
The orc knight completely misses you. The orc warrior misses you.
The orc warrior closely misses you.
An orc warrior comes into view. It is wielding a +0 dire flail.
Casting: Wereblood (safe; 4% risk of failure)
Confirm with . or Enter, or press ? or * to list all spells.
Your blood is infused with primal strength.
The orc warrior closely misses you. x2
The orc knight hits you but does no damage.
Unknown command.
Fire: O) +3 longbow (flame)
Press: ? - help, Shift-Dir - straight line, f/p - orc knight
Aim: an orc knight, wielding a +0 long sword and wearing a +0 plate armour (severely wounded, 75% to hit)
You shoot an arrow. The arrow barely misses the orc knight.
The orc warrior hits you but does no damage.
The orc warrior hits you from afar with a +3 glaive.
* * * LOW HITPOINT WARNING * * *
The orc knight hits you with a +0 long sword!
* * * LOW HITPOINT WARNING * * *
Unknown command.
Unknown command.
Fire: O) +3 longbow (flame)
Press: ? - help, Shift-Dir - straight line, f/p - orc knight
Aim: an orc knight, wielding a +0 long sword and wearing a +0 plate armour (severely wounded, 75% to hit)
You shoot an arrow. The arrow hits the orc knight!
The arrow burns the orc knight.
The orc knight is almost dead.
You hear a shout!
The orc warrior misses you.
The orc knight roars a battlecry!
The orc warriors go into a battle-frenzy!
The orc warrior closely misses you. The orc knight closely misses you.
The orc warrior hits you with a +0 scimitar!
* * * LOW HITPOINT WARNING * * *
The orc warrior hits you from afar with a +3 glaive!
You die...

.....#......###...
....##......##...
#....##....##....
#...####.#####.#.
#..##.#...# ####
#........## #
#.....#...#
#.###o###o.......##
#...)ooo@.......##
#..##o###......##
#.. #......# #.o
#.....#.# #..
#........ ###
#.....#.# ....#####
...##


You could see an orc knight, 4 orc warriors and an orc.

Vanquished Creatures
  Nessos (Orc:2)
  Erolcha (D:9)
  2 two-headed ogres (D:11)
  Amaemon (D:8)
  An obsidian statue (D:11)
  A wizard (D:10)
  2 orc knights (Orc:2)
  Pikel (D:8)
  An orc sorcerer (Orc:1)
  A manticore (D:11)
  2 gargoyles (D:11)
  An orange demon (D:8)
  Maggie (D:6)
  10 trolls
  3 meliai
  2 hornets
  2 shadows
  A wraith (D:11)
  18 yaks
  Grum (D:8)
  A steam dragon (D:6)
  4 wargs
  2 acid dragons (D:11)
  2 water moccasins
  13 orc warriors
  An ice beast (D:6)
  A sky beast (D:6)
  8 ogres
  8 centaurs
  4 wolves (D:8)
  A lemure (D:8)
  10 kobold brigands
  3 bullfrogs
  3 scorpions
  3 gnoll sergeants
  9 wights
  10 killer bees
  4 howler monkeys
  A crimson imp (D:10)
  2 jellies (D:6)
  5 hounds
  10 orc priests
  5 iguanas
  19 orc wizards
  Terence (D:2)
  A mummy (Ossuary)
  13 gnolls
  10 adders
  3 ufetubi
  A worm (D:5)
  3 dart slugs
  66 orcs
  3 spectral bats (Ossuary)
  3 bats
  7 endoplasms
  6 giant cockroaches
  13 goblins
  10 hobgoblins
  25 kobolds
  3 quokkas
  7 ball pythons
  6 bat simulacra (Ossuary)
  4 frilled lizards
  12 gnoll zombies (Ossuary)
  2 goblin simulacra (Ossuary)
  3 goblin zombies (Ossuary)
  7 hobgoblin zombies (Ossuary)
  5 kobold simulacra (Ossuary)
  6 kobold zombies (Ossuary)
  2 orc zombies (Ossuary)
  7 rats
  3 spectral goblins (Ossuary)
  2 spectral kobolds (Ossuary)
  2 spectral rats (Ossuary)
418 creatures vanquished.

Notes
Turn   | Place    | Note
-------+----------+-------------------------------------------
     0 | D:1      | hikkokomori the Merfolk Hunter began the quest for the Orb.
     0 | D:1      | Reached XP level 1. HP: 16/16 MP: 1/1
   174 | D:1      | Reached XP level 2. HP: 23/23 MP: 2/2
   739 | D:2      | Reached XP level 3. HP: 28/28 MP: 3/3
   859 | D:2      | Noticed Terence
   870 | D:2      | Killed Terence
   871 | D:2      | Reached XP level 4. HP: 5/35 MP: 4/4
  1003 | D:2      | Found an ancient bone altar of Kikubaaqudgha.
  2025 | D:3      | Reached XP level 5. HP: 10/42 MP: 5/5
  2241 | D:4      | Reached XP level 6. HP: 24/48 MP: 6/6
  3262 | D:4      | Reached XP level 7. HP: 48/55 MP: 7/7
  3535 | D:5      | Entered Level 5 of the Dungeon
  3544 | D:4      | Reached skill level 5 in Fighting
  3768 | D:5      | Found a sand-covered staircase.
  3774 | Ossuary  | Entered an ossuary
  4128 | Ossuary  | Reached skill level 5 in Dodging
  4287 | D:5      | Reached skill level 5 in Ranged Weapons
  4632 | D:5      | Reached skill level 1 in Evocations
  4677 | D:5      | Found a staircase to the Ecumenical Temple.
  4690 | Temple   | Entered the Ecumenical Temple
  4694 | Temple   | Learned a level 2 spell: Wereblood
  4730 | Temple   | Became a worshipper of Cheibriados the Contemplative
  5104 | D:6      | Reached XP level 8. HP: 53/64 MP: 8/8
  5195 | D:6      | Reached skill level 1 in Transmutations
  5211 | D:6      | Reached skill level 1 in Armour
  5214 | D:6      | Reached * piety under Cheibriados
  5299 | D:6      | Noticed Maggie
  5311 | D:6      | Killed Maggie
  5484 | D:6      | Reached XP level 9. HP: 58/70 MP: 9/9
  6175 | D:6      | Reached ** piety under Cheibriados
  6256 | D:6      | Reached skill level 5 in Transmutations
  6727 | D:7      | Reached skill level 1 in Invocations
  6770 | D:7      | Reached *** piety under Cheibriados
  6896 | D:7      | Reached skill level 1 in Spellcasting
  7143 | D:7      | Found Xyrcheamu's Assorted Antiques.
  7161 | D:7      | Bought a shiny gold wand for 112 gold pieces
  7161 | D:7      | Bought a scroll of identify for 56 gold pieces
  7161 | D:7      | Bought a scroll of fear for 112 gold pieces
  7587 | D:7      | Learned a level 2 spell: Ensorcelled Hibernation
  8104 | D:8      | Reached skill level 1 in Hexes
  8104 | D:8      | Reached skill level 1 in Ice Magic
  8104 | D:8      | Reached XP level 10. HP: 79/79 MP: 12/12
  8106 | D:8      | Noticed Grum
  8210 | D:8      | Killed Grum
  8253 | D:8      | Reached skill level 5 in Stealth
  8313 | D:8      | Noticed an orange demon
  8314 | D:8      | Noticed Amaemon
  8518 | D:8      | Killed Amaemon
  8524 | D:8      | Killed an orange demon
  8639 | D:8      | Noticed Pikel
  8649 | D:8      | Killed Pikel
  8649 | D:8      | Reached **** piety under Cheibriados
  8835 | D:8      | Found a white marble altar of Elyvilon.
  8885 | D:8      | Reached skill level 5 in Evocations
  9309 | D:9      | Noticed a deep elf pyromancer
  9352 | D:9      | Noticed Erolcha
  9631 | D:9      | Found a staircase to the Orcish Mines.
  9633 | D:9      | Reached ***** piety under Cheibriados
  9634 | D:9      | Reached XP level 11. HP: 35/87 MP: 15/17
 10025 | D:9      | Paralysed by a hornet for 1 turns
 10155 | D:9      | Noticed a death yak
 10164 | D:9      | Learned a level 6 spell: Summon Cactus Giant
 10220 | Orc:1    | Entered Level 1 of the Orcish Mines
 10235 | Orc:1    | Noticed an orc sorcerer
 10247 | Orc:1    | Killed an orc sorcerer
 10248 | Orc:1    | Reached skill level 5 in Invocations
 10268 | Orc:1    | Found Zaello's Weapon Emporium.
 10786 | Orc:1    | Found a burning altar of Makhleb.
 10877 | Orc:2    | Entered Level 2 of the Orcish Mines
 10877 | Orc:2    | Noticed Nessos
 11122 | D:9      | Killed Erolcha
 11273 | D:9      | Noticed a death yak
 11274 | D:9      | Noticed a death yak
 11275 | D:9      | Noticed a death yak
 11275 | D:9      | Noticed a death yak
 11275 | D:9      | Noticed a death yak
 11275 | D:9      | Noticed a death yak
 11311 | D:10     | Entered Level 10 of the Dungeon
 11990 | D:10     | Noticed a wizard
 11994 | D:10     | Killed a wizard
 11995 | D:10     | Reached skill level 5 in Spellcasting
 12015 | D:10     | Learned a level 5 spell: Freezing Cloud
 12477 | D:11     | Noticed a manticore
 12481 | D:11     | Killed a manticore
 12482 | D:11     | Reached XP level 12. HP: 88/95 MP: 19/19
 12557 | D:11     | Reached skill level 1 in Air Magic
 12559 | D:11     | Reached skill level 1 in Conjurations
 13015 | D:11     | Noticed a two-headed ogre
 13021 | D:11     | Killed a two-headed ogre
 13221 | D:11     | Reached ****** piety under Cheibriados
 13688 | D:11     | Noticed a two-headed ogre
 13694 | D:11     | Killed a two-headed ogre
 13959 | D:11     | Noticed a sun demon
 13960 | D:11     | Noticed a sun demon
 13998 | D:11     | Learned a level 4 spell: Summon Lightning Spire
 14116 | Orc:2    | Killed Nessos
 14272 | Orc:2    | Reached skill level 1 in Summonings
 14417 | Orc:2    | Reached skill level 5 in Ice Magic
 14439 | Orc:2    | Slain by an orc warrior

Illustrated notes

Levels and vault maps discovered:
D:1:      minmay_arrival_widening_spiral_wide, layout_basic
D:2:      layout_basic, basic_altar, uniq_terence
D:3:      layout_rooms, hangedman_abyss_or_decor_lesser_grid
D:4:      layout_basic
D:5:      corexii_shack_village, layout_gridville,
          minmay_temple_entry_sparse_star, serial_glass, glass_columns_a,
          glass_columns_c, enter_ossuary_5
D:6:      layout_basic, minmay_misc_feat_five, minmay_alternating_orb,
          uniq_maggie
D:7:      layout_cave_pods, serial_shops, nicolae_shop_advertising_works
          [nicolae_subvault_shop_adworks]
D:8:      layout_basic, mainiacjoe_overflow_cross_hatched, uniq_grum,
          uniq_amaemon, uniq_pikel
D:9:      minmay_the_grid_3x3 [minmay_the_grid_x, minmay_the_grid_armoury,
          minmay_the_grid_medium_cups, minmay_the_grid_outer_diamond,
          minmay_the_grid_tri_star, minmay_the_grid_small_cups,
          minmay_the_grid_empty, minmay_the_grid_dragon_b,
          minmay_the_grid_prize_big_room], layout_gridville, dpeg_lair_monsters,
          kennysheep_orc_monster_closet_entryway,
          onia_ninara_dug_in_and_dangerous, uniq_erolcha
D:10:     layout_roguey, lightli_wizard_tower
D:11:     layout_rooms, serial_corexii_hall, corexii_hall_statues_u,
          corexii_hall_statues_i, corexii_hall_statues_u,
          corexii_hall_statues_l, corexii_hall_statues_l,
          chequers_hall_statues_corner_a, minmay_protected_statue
Temple:   grunt_wide_crystal_templ
Orc:1:    layout_diamond_mine, serial_shops, shop, bloody_makhleb
Orc:2:    st_orc_town, layout_caves, serial_shops, nicolae_shop_trees,
          uniq_nessos

Skill      XL: |  1  2  3  4  5  6  7  8  9 10 11 12 |
---------------+-------------------------------------+-----
Stealth        | 2 3 4 6 |  6.6
Fighting       | 3 4 5 6 7 8 9 |  9.1
Ranged Weapons | 4 5 6 7 8 |  8.6
Dodging        | 3 4 5 6 7 9 |  9.3
Evocations     | 1 3 4 5 6 |  6.3
Transmutations | 3 5 |  5.1
Armour         | 2 |  2.8
Invocations    | 2 4 6 7 |  7.4
Spellcasting   | 1 4 5 |  5.0
Hexes          | 1 2 |  2.5
Ice Magic      | 1 2 3 5 |  5.1
Air Magic      | 3 |  3.0
Conjurations   | 3 |  3.1
Summonings     | 1 |  1.7

Action                     |  1- 3 |  4- 6 |  7- 9 | 10-12 || total
---------------------------+-------+-------+-------+-------++-------
  Melee: Shortbow          |       |     1 |       |     1 ||     2
   Fire: Shortbow          |    78 |   240 |   503 |   293 ||  1114
         Sling             |       |       |   165 |   171 ||   336
         Longbow           |       |       |       |    50 ||    50
   Cast: Wereblood         |       |       |       |    23 ||    23
 Invoke: Bend Time         |       |       |       |     1 ||     1
         Slouch            |       |       |       |     2 ||     2
         Temporal Distorti |       |       |       |     1 ||     1
  Evoke: Wand              |       |       |     7 |    16 ||    23
    Use: Scroll            |       |     2 |    11 |    14 ||    27
         Potion            |       |     1 |       |     4 ||     5
 Armour: Leather armour    |    24 |       |       |       ||    24
         Scale mail        |       |   125 |   163 |       ||   288
         Steam dragon scal |       |       |   103 |   110 ||   213
         Chain mail        |       |       |       |   166 ||   166
  Dodge: Dodged            |    19 |    99 |   391 |   443 ||   952

Table legend: (Time is in decaauts)
 A = Elapsed time spent in this place.
 B = Non-inter-level travel time spent in this place.
 C = Inter-level travel time spent in this place.
 D = Time resting spent in this place.
 E = Time spent auto-exploring this place.
 F = Levels seen in this place.
 G = Mean time per level.
                   A        B        C        D        E       F      G
               +--------+--------+--------+--------+--------+-----+--------+
         Total |  18416 |  17704 |    712 |   2876 |  10751 |  15 | 1227.7 |
       Dungeon |  15979 |  15397 |    582 |   2636 |   9494 |  11 | 1452.6 |
        Temple |     67 |     51 |     16 |      0 |      0 |   1 |   67.0 |
  Orcish Mines |   1850 |   1737 |    113 |    240 |   1041 |   2 |  925.0 |
       Ossuary |    518 |    518 |      0 |      0 |    215 |   1 |  518.0 |
               +--------+--------+--------+--------+--------+-----+--------+

Top non-repeatable levels by time:
    D:11: 2292 daAuts
     D:8: 2196 daAuts
     D:9: 1944 daAuts
     D:7: 1866 daAuts
     D:6: 1580 daAuts
     D:4: 1480 daAuts
    D:10: 1313 daAuts
   Orc:1: 1288 daAuts
     D:2: 952 daAuts
     D:5: 946 daAuts
     D:3: 775 daAuts
     D:1: 632 daAuts
   Orc:2: 562 daAuts
 Ossuary: 518 daAuts
  Temple: 67 daAuts
